Map: Orbital Shipyard

Players

MCanning - Winner!

  • Race: Protoss Protoss
  • League: Grandmaster

Carbode

  • Race: Terran Terran
  • League: Master

VOD

http://www.twitch.tv/mcanning/v/30690643

Description

Time

  • Played on: Dec. 19, 2015, 6:48 a.m.
  • Length: 11:13
Show
View Real Time Build Order
Export as new Build Order

MCanning Protoss - Winner!

Build Orders: 1 Gate Expand, Blink Stalkers 

Get SALT Encoding   

  12  0:01  Probe (Chrono Boost)  
  13  0:11  Probe (Chrono Boost)  
  14  0:20  Pylon  
  14  0:22  Probe (Chrono Boost)  
  15  0:38  Probe (Chrono Boost)  
  15  0:41  Gateway  
  16  0:49  Probe (Chrono Boost)  
  17  0:54  Assimilator  
  17  0:59  Probe (Chrono Boost)  
  18  1:10  Probe (Chrono Boost)  
  19  1:22  Nexus  
  19  1:36  Probe (Chrono Boost)  
  19  1:37  Cybernetics Core  
  20  1:47  Probe (Chrono Boost)  
  20  1:51  Assimilator  
  21  1:55  Pylon  
  21  1:58  Probe (Chrono Boost)  
  23  2:08  Probe (Chrono Boost)  
  22  2:19  Mothership Core (Chrono Boost)  
  22  2:20  Adept  
  26  2:29  Warp Gate  
  26  2:35  Probe (Chrono Boost)  
  27  2:37  Probe (Chrono Boost)  
  28  2:45  Probe (Chrono Boost)  
  28  2:48  Probe (Chrono Boost)  
  30  2:54  Twilight Council  
  30  2:56  Probe (Chrono Boost)  
  32  2:58  Probe (Chrono Boost)  
  32  3:06  Probe (Chrono Boost)  
  32  3:09  Probe (Chrono Boost)  
  34  3:14  Gateway  
  34  3:16  Gateway  
  34  3:17  Probe (Chrono Boost)  
  34  3:19  Probe (Chrono Boost)  
  36  3:23  Sentry  
  38  3:27  Probe (Chrono Boost)  
  38  3:30  Probe (Chrono Boost)  
  38  3:33  Blink (Chrono Boost)  
  40  3:36  Pylon  
  40  3:37  Probe (Chrono Boost)  
  41  3:42  Probe (Chrono Boost)  
  41  3:46  Probe  
  43  3:54  Probe  
  44  3:57  Nexus  
  44  4:02  Probe  
  44  4:08  Probe  
  46  4:12  Robotics Facility  
  46  4:15  Probe  
  46  4:20  Probe (Chrono Boost)  
  48  4:24  Pylon  
  48  4:27  Probe (Chrono Boost)  
  48  4:28  Assimilator  
  49  4:32  Probe (Chrono Boost)  
  49  4:33  Assimilator  
  49  4:36  Pylon  
  51  4:38  Probe (Chrono Boost)  
  51  4:43  Probe (Chrono Boost)  
  52  4:47  Gateway  
  52  4:48  Gateway, Probe (Chrono Boost)  
  53  4:53  Probe (Chrono Boost)  
  53  4:58  Probe  
  55  5:04  Observer (Chrono Boost), Pylon  
  55  5:05  Probe  
  55  5:06  Stalker x3  
  63  5:08  Probe  
  64  5:20  Probe x2  
  64  5:21  Probe, Forge  
  66  5:22  Forge  
  66  5:23  Observer (Chrono Boost)  
  68  5:31  Probe  
  68  5:32  Probe x2  
  71  5:37  Robotics Bay  
  71  5:38  Pylon  
  71  5:44  Probe x2  
  71  5:46  Immortal (Chrono Boost)  
  77  5:52  Gateway  
  77  5:56  Stalker x3  
  83  6:00  Protoss Ground Weapons Level 1 (Chrono Boost), Protoss Ground Armor Level 1 (Chrono Boost)  
  83  6:04  Probe x2  
  83  6:10  Probe  
  85  6:14  Pylon  
  85  6:16  Pylon  
  86  6:20  Stalker x3, Assimilator  
  86  6:25  Assimilator  
  92  6:30  Disruptor (Chrono Boost)  
  95  6:41  Pylon  
  95  6:42  Probe  
  95  6:43  Pylon  
  96  6:48  Adept x3  
  96  6:49  Adept  
  100  7:02  Adept  
  100  7:03  Disruptor (Chrono Boost)  
  105  7:16  Pylon  
  105  7:17  Probe x2, Pylon x2  
  105  7:19  Stalker x3, Photon Cannon  
  105  7:20  Stalker, Gateway  
  105  7:22  Gateway, Probe  
  115  7:29  Probe  
  117  7:31  Photon Cannon  
  117  7:34  Probe  
  118  7:37  Photon Cannon  
  118  7:43  Disruptor (Chrono Boost)  
  121  7:47  Stalker x2  
  121  7:48  Stalker  
  127  7:59  Nexus  
  127  8:00  Dark Shrine  
  127  8:02  Protoss Ground Armor Level 2 (Chrono Boost), Protoss Ground Weapons Level 2 (Chrono Boost)  
  127  8:06  Pylon  
  127  8:09  Zealot  
  127  8:10  Pylon  
  127  8:11  Zealot  
  130  8:21  Pylon  
  130  8:25  Photon Cannon  
  130  8:27  Stalker x4  
  130  8:29  Pylon  
  130  8:31  Adept  
  140  8:35  Disruptor (Chrono Boost)  
  140  8:38  Adept x3  
  149  8:50  Probe  
  149  8:52  Assimilator  
  149  8:54  Adept x5  
  158  8:56  Assimilator  
  158  8:59  Probe  
  159  9:08  Probe  
  158  9:12  Probe  
  158  9:14  Probe  
  158  9:16  Stalker x2  
  164  9:18  Stalker x4  
  164  9:21  Disruptor (Chrono Boost)  
  175  9:30  Probe  
  176  9:37  Adept x2  
  178  9:44  Adept x3  
  178  9:45  Adept x3  
  180  9:57  Probe  
  180  9:59  Stalker x2  
  183  10:01  Probe  
  184  10:10  Stalker x4  
  184  10:11  Stalker  
  184  10:14  Pylon  
  194  10:15  Disruptor (Chrono Boost)  
  193  10:42  Stalker x3  
  199  10:53  Photon Cannon  
  199  10:54  Photon Cannon  
Show
View Real Time Build Order
Export as new Build Order

Carbode Terran 

Build Orders: Reaper Expand, MMM Bio 

Get SALT Encoding   

  12  0:00  SCV  
  13  0:13  SCV  
  14  0:17  Supply Depot  
  14  0:25  SCV  
  15  0:39  SCV  
  15  0:40  Barracks  
  16  0:44  Refinery  
  16  0:51  SCV  
  17  1:03  SCV  
  18  1:15  SCV  
  19  1:27  Orbital Command  
  19  1:28  Reaper  
  20  1:40  Command Center  
  20  1:53  Supply Depot  
  20  1:55  SCV  
  20  2:00  Barracks Reactor  
  21  2:08  SCV  
  22  2:12  Refinery  
  22  2:18  Barracks  
  22  2:20  SCV  
  23  2:27  Factory  
  23  2:32  SCV  
  24  2:37  Marine x2  
  26  2:44  SCV  
  26  2:52  Bunker  
  26  2:54  Orbital Command  
  26  2:57  Orbital Command  
  26  2:59  Marine  
  26  3:00  Marine  
  26  3:03  SCV  
  29  3:08  Barracks Tech Lab  
  29  3:13  Factory Tech Lab  
  29  3:15  SCV  
  30  3:24  SCV  
  30  3:26  Marine x3  
  34  3:32  Cyclone  
  37  3:35  SCV  
  37  3:36  SCV  
  37  3:39  Stimpack  
  39  3:45  Supply Depot  
  39  3:47  SCV  
  39  3:48  SCV  
  41  3:52  Marine x3  
  44  3:59  SCV  
  44  4:00  SCV  
  45  4:10  Supply Depot  
  45  4:11  SCV, Marine  
  45  4:12  SCV, Marine x2  
  50  4:23  Command Center  
  50  4:26  SCV x2  
  52  4:32  Marine x3  
  52  4:37  Supply Depot  
  52  4:38  SCV x2  
  57  4:45  Factory Reactor  
  57  4:46  Starport  
  57  4:50  Barracks  
  57  4:53  SCV x2  
  57  4:57  Refinery, Marauder  
  57  4:59  Marine x2  
  63  5:04  Supply Depot  
  63  5:09  SCV x2  
  65  5:17  Supply Depot, Marine  
  65  5:19  Marine  
  68  5:21  SCV  
  68  5:22  SCV  
  68  5:26  Marauder  
  68  5:28  Supply Depot  
  71  5:32  Factory Reactor  
  71  5:33  SCV  
  71  5:34  SCV  
  73  5:37  Medivac x2  
  73  5:39  Orbital Command  
  77  5:46  Marauder  
  77  5:47  Marauder  
  77  5:48  Marine x2  
  83  5:55  Refinery  
  83  5:56  Combat Shields, Concussive Shells  
  83  5:59  SCV x2  
  85  6:05  Supply Depot, Marine, Orbital Command  
  85  6:06  Marine  
  85  6:09  Marauder  
  89  6:16  Medivac x2  
  93  6:22  Engineering Bay  
  93  6:23  Engineering Bay  
  93  6:26  Marine x2  
  93  6:29  Supply Depot  
  95  6:33  SCV x2  
  95  6:34  SCV  
  98  6:40  Marauder x2  
  98  6:46  Marine x2  
  101  6:49  Widow Mine x2  
  99  7:03  Terran Infantry Weapons Level 1, SCV x2  
  99  7:04  Terran Infantry Armor Level 1  
  101  7:08  Medivac  
  101  7:11  Barracks  
  101  7:13  Barracks  
  101  7:16  Medivac  
  101  7:19  SCV  
  101  7:20  SCV x2  
  106  7:26  Marine x2  
  106  7:27  Marauder x2  
  112  7:31  SCV  
  112  7:32  SCV x2  
  112  7:34  Supply Depot  
  115  7:39  Widow Mine x2, Medivac  
  115  7:43  Refinery  
  121  7:45  SCV  
  121  7:46  SCV x2  
  121  7:48  Supply Depot  
  124  7:52  Marine  
  124  7:55  Medivac, Marine  
  124  7:56  Marauder x2  
  132  7:58  Supply Depot, Barracks Tech Lab  
  132  8:00  Barracks Reactor  
  132  8:05  SCV  
  133  8:10  SCV x2, Supply Depot  
  133  8:11  Armory  
  135  8:14  Liberator x2  
  135  8:17  Marauder  
  135  8:18  Marauder x2  
  135  8:19  Widow Mine x2  
  141  8:20  Marine x2  
  141  8:23  Starport  
  141  8:24  SCV x2  
  149  8:29  Supply Depot  
  149  8:32  SCV  
  156  8:36  SCV  
  156  8:37  Supply Depot  
  156  8:38  Refinery  
  157  8:42  Supply Depot  
  157  8:50  SCV x2, Marine x2  
  157  8:51  Marauder x2  
  165  8:58  Widow Mine x2  
  165  8:59  Marauder, Marine x2  
  165  9:00  Supply Depot  
  165  9:01  Liberator  
  173  9:09  Marine  
  158  9:19  Starport Reactor  
  158  9:22  Marauder x3, Marine x3  
  167  9:26  Liberator  
  167  9:37  Marine  
  163  9:40  Marine x3  
  163  9:44  Marauder x3  
  171  9:46  Supply Depot  
  171  9:47  Supply Depot  
  171  9:48  Liberator  
  171  9:49  Widow Mine x2  
  166  10:04  Liberator, Marine x4  
  166  10:05  Marauder x3, Liberator  
  182  10:19  Widow Mine x2  
  188  10:21  Marine  
  187  10:39  Marine x4  
  187  10:40  Marauder x2  
  178  10:48  Marauder  
Tags
 
Add a new tag
Caveats
  • Supply blocks, unpowered buildings, or Contaminate may cause inaccurate times.
  • Supply counts are checked every 10 seconds.